 Dungeon Crawl Stone Soup version 0.18-a0-943-g2c08dd4 (webtiles) character file.

140524 Gorice the Spry (level 16, -6/82 HPs)
             Began as a Felid Wanderer on Dec 27, 2015.
             Was a High Priest of Trog.
             Killed from afar by a merfolk aquamancer (19 damage)
             ... with a ball of steam
             ... on level 4 of the Shoals on Dec 28, 2015.
             The game lasted 05:06:11 (66532 turns).

Gorice the Spry (Felid Wanderer)                   Turns: 66532, Time: 05:06:12

Health: -6/82      AC:  3    Str:  9    XL:     16   Next: 46%
Magic:  24/24      EV: 19    Int: 13    God:    Trog [*****.]
Gold:   376        SH:  0    Dex: 22    Spells: 0 memorised, 15 levels left
                                        Lives:  0   Deaths: 5

rFire  . . .     SeeInvis +       - Unarmed
rCold  + . .     Gourm    .     (armour unavailable)
rNeg   + . .     Faith    .     (shield unavailable)
rPois  +         Spirit   .     (helmet unavailable)
rElec  .         Dismiss  .     (cloak unavailable)
rCorr  .         Reflect  .     (gloves unavailable)
SustAt .         Harm     .     (boots unavailable)
MR     +++++     Clarity  +     Q - amulet of the Four Winds {rN+ MR+++ Clar}
Stlth  ++++++....               D - ring of flight
                                y - ring of poison resistance

@: petrifying (expiring), very slightly contaminated, hasted, very quick, almost
entirely resistant to hostile enchantments, very stealthy
A: no armour, no weapons or thrown items, claws 1, fangs 3, see invisible,
carnivore 3, speed 1, shaggy fur 3, slow metabolism 1, sharp paws
a: Berserk, Trog's Hand, Brothers in Arms, Burn Spellbooks, Renounce Religion,
Evoke Flight
}: 1/15 runes: gossamer


You were on level 4 of the Shoals.
You worshipped Trog.
Trog was extremely pleased with you.
You were completely stuffed.

You visited 6 branches of the dungeon, and saw 34 of its levels.
You also visited: Ice Cave and Volcano.

You collected 3904 gold pieces.
You spent 3528 gold pieces at shops.

Inventory:

Jewellery
 c - an uncursed ring of protection from cold
 h - an uncursed ring of sustain attributes
 y - a ring of poison resistance (left paw)
 D - a ring of flight (right paw)
 H - an uncursed ring of positive energy
 L - an uncursed ring of teleportation
 M - an uncursed ring of positive energy
 N - an uncursed ring of protection from cold
 P - the amulet of Birob {rPois rF+ Regen+ Str+3}
   (You bought it in a shop on level 2 of the Orcish Mines)

   [amulet of regeneration]

   It affects your strength (+3).
   It protects you from fire.
   It protects you from poison.
   It increases your rate of regeneration.
 Q - the amulet of the Four Winds (around neck) {rN+ MR+++ Clar}
   (You bought it in a shop on level 2 of the Orcish Mines)

   [amulet of nothing]

   It protects you from negative energy.
   It affects your resistance to hostile enchantments.
   It protects you against confusion.
 R - the amulet of Toeckuss {rCorr +Inv MR++ Str+4 Dex-4}
   (You bought it in a shop on level 2 of the Orcish Mines)

   [amulet of resist corrosion]

   It protects you from acid and corrosion.
   It affects your strength (+4).
   It affects your dexterity (-4).
   It affects your resistance to hostile enchantments.
   It lets you turn invisible.
 Z - an uncursed ring of protection from fire
Wands
 a - a wand of enslavement (19/24)
 i - a wand of teleportation (4/9) {!d}
 m - a wand of confusion (18/48)
 q - a wand of digging (10/24)
 s - a wand of hasting (5/9) {!d}
 x - a wand of draining (1/15)
 z - a wand of fire (4/15)
 C - a wand of disintegration (7/24)
 I - a wand of cold (9/15)
 T - a wand of hasting (9/9) {!d}
Scrolls
 k - 12 scrolls of remove curse
 t - 11 scrolls of teleportation {!r}
 u - 2 scrolls of fog
 A - 5 scrolls of noise {!r}
 B - 10 scrolls of identify
 F - a scroll of acquirement {!r}
 U - a scroll of summoning {!r}
Potions
 e - 14 potions of curing
 f - 6 potions of ambrosia {!q}
 g - 3 potions of agility {!q}
 l - 2 potions of resistance {!q}
 n - 6 potions of flight
 o - 4 potions of might {!q}
 w - 4 potions of cancellation {!q}
Books
 b - a Grand Grimoire
 j - a book of Minor Magic
 p - a book of Summonings
Comestibles
 d - 22 meat rations {!e}
 r - 9 beef jerkies
 E - 5 chunks of flesh


   Skills:
 + Level 16.2 Fighting
 + Level 19.9 Dodging
 - Level 10.0 Stealth
 + Level 19.7 Unarmed Combat
 + Level 9.8 Evocations


You had 15 spell levels left.
You didn't know any spells.

Dungeon Overview and Level Annotations

Branches:
Dungeon (15/15)            Temple (1/1) D:4            Lair (8/8) D:9
 Shoals (4/4) Lair:3       Spider (4/4) Lair:3        Slime (0/6) Lair:7
    Orc (2/2) D:10            Elf (0/3) Orc:2        Vaults (0/5) D:14
 Depths (0/5) D:15

Altars:
Ashenzari
Cheibriados
Dithmenos
Elyvilon
Fedhas
Gozag
Kikubaaqudgha
Makhleb
Nemelex Xobeh
Okawaru
Pakellas
Qazlal
Ru
Sif Muna
Trog
Vehumet
Xom
Yredelemnul
Zin
The Shining One
Beogh

Shops:
D:6 (?%:   D:15 *   Orc:2 }[==

Annotations:
Lair:7 Nessos
Shoals:4 Polyphemus


Innate Abilities, Weirdness & Mutations

You cannot wear armour.
You are incapable of wielding weapons or throwing items.
You have sharp claws.
You have razor-sharp teeth.
You have supernaturally acute eyesight.
You are carnivorous and can eat meat at any time.
You cover ground quickly.
Your thick and shaggy fur keeps you warm (AC +3, rC+).
You have a slow metabolism.
Your sharp claws are effective at attacking unaware monsters.


Message History

The death yak gores your troll!
Your troll bites the death yak.
Your troll claws the death yak!!
Your troll claws the death yak!
You mangle the catoblepas!!
The catoblepas is heavily wounded.
The catoblepas breathes a plume of calcifying dust at you.
The blast of calcifying dust hits you!
The blast of calcifying dust hits your troll.
The blast of calcifying dust hits the death yak.
Damage: 4 (max 12)
You mangle the catoblepas!! You claw the catoblepas!
You kill the catoblepas!
Trog accepts your kill.
You are engulfed in calcifying dust.
You are slowing down.
You float gracefully downwards.
Your troll is engulfed in calcifying dust.
Your troll is moving more slowly.
Your troll bites Polyphemus.
Your troll claws Polyphemus but does no damage.
Your troll barely misses Polyphemus.
You hear an eerie melody.
The siren barely misses you. Polyphemus throws the death yak at you!
The death yak is engulfed in calcifying dust.
The death yak is moving more slowly.
The death yak gores your troll!
Damage: 11 (max 12) Unknown command.
The death yak gores you!!
* * * LOW HITPOINT WARNING * * *
Your troll is engulfed in calcifying dust.
Your troll stops moving altogether!
Polyphemus hits your troll!!!
Polyphemus completely misses your troll.
You hear an eerie melody.
You see here a catoblepas corpse.
Damage: 16 (max 16)
Your troll is engulfed in calcifying dust.
The death yak misses you.
The siren hits the plant but does no damage.
Your limbs are stiffening.
Your troll is engulfed in calcifying dust.
You hear an eerie melody.
Polyphemus hits your troll! Polyphemus hits your troll!!
Your troll dies!
Your troll's corpse disappears in a puff of smoke!
The siren hits the plant with a spear!
The merfolk javelineer hits the plant with a spear of flaming.
The merfolk javelineer burns the plant.
The merfolk aquamancer gestures at you while chanting.
The ball of steam hits you!
You die...

.. #..≈ ...P. ...#.#.
#..P.P.!#. .......
##........# $...#.m
##..........# .....#.
##.............
.....mm####PP..P.........
......Pm§§.PP......P.....
.....YC§†Y§@P...........#
≈≈≈......(.P.)..........#
≈≈≈≈........P.P.......##
≈≈≈≈.............†.....#
≈≈≈≈≈............<....##
≈≈≈≈≈..................#
≈≈≈....###............##
≈..###. #..#.......≈≈#
... .. ............≈≈≈#


You could see a death yak and a merfolk aquamancer.

Vanquished Creatures
  Maud (Lair:5)
  2 ghost moths
  A frost giant (IceCv)
  8 emperor scorpions
  A salamander stormcaller (D:13)
  The ghost of nublet the Black Sun, a journeyman DsMo of Kikubaaqudgha (Lair:5)
  7 vault guards (D:14)
  A yaktaur captain (D:15)
  3 ogre magi (Orc:2)
  3 merfolk impalers
  The ghost of Chiseanne the Covert, a journeyman SpAs of Gozag (D:14)
  An ice dragon (Lair:8)
  13 hydras
  A catoblepas (Shoals:4)
  2 centaur warriors
  2 death yaks
  2 merfolk avatars
  The ghost of kak the Cleaver, a novice MiBe of Trog (D:9)
  A satyr (Shoals:2)
  A queen ant (Lair:2)
  3 orc high priests
  Nergalle (Lair:3)
  2 wizards (D:14)
  2 unseen horrors
  7 sea snakes
  2 skeletal warriors
  4 hill giants
  A lindwurm (Lair:8)
  19 orb spiders
  8 harpies
  5 cyclopes
  7 fauns
  4 deep elf magi
  4 orc sorcerers (Orc:2)
  21 wolf spiders
  6 hornets
  2 orc knights (Orc:2)
  An ugly thing (D:12)
  3 sirens
  A moth of wrath (Spider:4)
  6 griffons
  A water nymph (Shoals:2)
  A salamander (shapeshifter) (D:14)
  An ice statue (IceCv)
  5 manticores
  14 spiny frogs
  Psyche (D:12)
  10 black mambas
  6 torpor snails
  13 komodo dragons
  11 demonic crawlers
  7 trolls
  4 fire drakes
  A queen bee (D:10)
  17 polar bears
  8 merfolk
  3 blink frogs (Lair:3)
  20 jumping spiders
  10 slime creatures
  15 two-headed ogres
  6 giant leeches (Lair:8)
  6 snapping turtles
  A wind drake (Shoals:1)
  2 shadows (D:15)
  3 water elementals
  38 yaks
  A wraith (D:13)
  14 trapdoor spiders
  A vampire (D:12)
  7 basilisks
  57 redbacks
  5 wyverns
  24 tarantellas
  4 fire bats
  13 hippogriffs
  2 hungry ghosts
  4 vampire mosquitoes (D:15)
  6 wargs
  31 wolves
  5 soldier ants (Lair:2)
  The ghost of George the Cudgeler, an amateur GrGl (D:6)
  7 porcupines
  3 sky beasts
  16 water moccasins
  23 orc warriors
  6 phantoms
  2 eyes of draining
  A swamp drake (D:9)
  2 black bears
  2 ice beasts
  33 ogres
  10 centaurs
  24 wasps
  11 crocodiles
  Blork the orc (D:4)
  3 big kobolds
  18 giant frogs
  A wyvern zombie (D:7)
  A gnoll sergeant (Orc:2)
  A wyvern skeleton (D:11)
  3 scorpions
  38 killer bees
  9 electric eels
  23 wights
  3 giant frog zombies
  4 centaur zombies
  9 crimson imps
  A giant frog skeleton (D:11)
  32 orc priests
  5 hounds
  3 jellies
  5 centaur skeletons
  10 iguanas
  10 hell rats (Lair:2)
  28 orc wizards
  31 worker ants
  29 sheep
  A killer bee zombie (D:9)
  2 hound skeletons
  A mummy (D:5)
  2 worker ant zombies
  9 adders
  9 gnolls
  48 river rats
  3 shadow imps
  An adder skeleton (D:5)
  An ooze (D:4)
  22 worms
  118 orcs
  7 bats
  4 giant cockroaches
  7 goblins
  14 hobgoblins
  16 jackals
  7 quokkas
  2 ball pythons
  6 giant geckos
  A giant gecko skeleton (D:4)
  3 giant newts (D:2)
  29 kobolds
  A quokka skeleton (D:9)
  24 rats
  4 plants
1291 creatures vanquished.

Vanquished Creatures (collateral kills)
  Rupert (Lair:7)
  Agnes (Spider:1)
  2 ghost moths
  An emperor scorpion (Spider:4)
  An ettin (Orc:1)
  A vault guard (D:14)
  A merfolk impaler (Shoals:3)
  3 entropy weavers
  2 hydras
  An alligator snapping turtle (Shoals:3)
  An ogre mage (Orc:2)
  A centaur warrior (D:13)
  6 death yaks
  2 skeletal warriors (D:14)
  A sea snake (Shoals:1)
  5 harpies
  2 hill giants
  4 wolf spiders
  An orb spider (Spider:2)
  A black mamba (Lair:3)
  An orc knight (D:10)
  A manticore (D:15)
  A siren (Shoals:4)
  Joseph (D:7)
  A spiny frog (Lair:5)
  2 jumping spiders
  2 merfolk
  A polar bear (Lair:7)
  3 two-headed ogres (Orc:2)
  A troll (Orc:1)
  5 redbacks
  A yak (Lair:3)
  2 porcupines
  An ogre (Orc:2)
  4 centaurs
  3 wights (D:13)
  An orc wizard (Orc:1)
  An iguana (Lair:1)
  2 sheep (Lair:7)
72 creatures vanquished.

Vanquished Creatures (others)
  The ghost of 4thArraOfDagon the Cleaver, a novice VSBe of Trog (Volcano)
  An orb spider (Spider:4)
  A two-headed ogre (Volcano)
  5 polar bears (IceCv)
  A yak (IceCv)
  A hog (Volcano)
  3 wolves (IceCv)
  An orc warrior (Volcano)
  A hell rat (Lair:2)
  An orc (Orc:2)
  3 bushes (Lair:6)
  32 fungi
  54 plants
105 creatures vanquished.

Grand Total: 1468 creatures vanquished

Notes
Turn   | Place    | Note
--------------------------------------------------------------
     0 | D:1      | Gorice the Felid Wanderer began the quest for the Orb.
     0 | D:1      | Gorice set off with: a potion of berserk rage, a potion of heal wounds {!q}, 2 scrolls of teleportation {!r}, a meat ration {!e}
     0 | D:1      | Reached XP level 1. HP: 12/12 MP: 2/2
   324 | D:1      | Reached skill level 2 in Dodging
   388 | D:1      | You fall through a shaft!
   411 | D:2      | Reached XP level 2. HP: 6/16 MP: 3/3
   612 | D:2      | Found a deep blue altar of Sif Muna.
  1173 | D:2      | Reached XP level 3. HP: 13/19 MP: 4/4
  1179 | D:2      | Reached skill level 3 in Dodging
  2780 | D:3      | Reached skill level 3 in Unarmed Combat
  2907 | D:3      | HP: 5/19 [poisoned by an adder]
  2909 | D:3      | Reached XP level 4. HP: 3/23 MP: 5/5
  2909 | D:3      | HP: 2/23 [poisoned by an adder]
  3282 | D:3      | HP: 8/34 [orc wizard/dagger (2)]
  3617 | D:3      | Found an oddly glowing altar of Pakellas.
  3654 | D:3      | Reached skill level 4 in Dodging
  3716 | D:3      | --damn 6 curare and I can't use them!
  3924 | D:3      | HP: 5/23 [orc wizard/magic dart (5)]
  3930 | D:3      | Reached XP level 5. HP: 11/26 MP: 6/6
  4600 | D:2      | HP: 7/26 [gnoll/whip (6)]
  4600 | D:2      | Slain by a gnoll
  4601 | D:2      | Reached XP level 4. HP: -3/23 MP: 5/5
  4686 | D:4      | Reached skill level 5 in Dodging
  4695 | D:4      | HP: 6/23 [orc/short sword of holy wrath (3)]
  4963 | D:4      | Found a staircase to the Ecumenical Temple.
  4969 | Temple   | Entered the Ecumenical Temple
  5073 | Temple   | Became a worshipper of Trog the Wrathful
  5189 | D:4      | Reached skill level 4 in Unarmed Combat
  5189 | D:4      | Reached XP level 5. HP: 26/26 MP: 6/6
  5215 | D:4      | Found a sacrificial altar of Ru.
  5215 | D:4      | Noticed Blork the orc
  5263 | D:4      | HP: 7/27 [worker ant (6)]
  5264 | D:4      | HP: 3/27 [worker ant (4)]
  5266 | D:4      | HP: 1/27 [poisoned by a worker ant]
  5771 | D:4      | Noticed George's ghost (amateur GrGl)
  5941 | D:4      | Gained mutation: You are covered in thick fur (AC +2). [Felid growth]
  5941 | D:4      | Reached XP level 6. HP: 11/31 MP: 7/7
  6238 | D:5      | Entered Level 5 of the Dungeon
  6311 | D:5      | Found a shimmering altar of Xom.
  6470 | D:5      | Found a sparkling altar of Nemelex Xobeh.
  6537 | D:5      | Reached skill level 6 in Dodging
  6751 | D:5      | Found an opulent altar of Gozag.
  6752 | D:5      | Found a sparkling altar of Nemelex Xobeh.
  6839 | D:5      | HP: 8/31 [phantom (5)]
  7159 | D:5      | Reached skill level 6 in Fighting
  7159 | D:5      | Reached skill level 5 in Unarmed Combat
  7372 | D:5      | Found a snail-covered altar of Cheibriados.
  7548 | D:5      | HP: 7/31 [iguana (12)]
  7802 | D:5      | Reached XP level 7. HP: 23/34 MP: 8/8
  8052 | D:6      | Reached * piety under Trog
  8402 | D:6      | Reached skill level 6 in Unarmed Combat
  8616 | D:6      | Found Leaskun's Food Shop.
  8696 | D:6      | Reached skill level 7 in Dodging
  8840 | D:6      | Found Attux's Magic Scroll Shop.
  8849 | D:6      | Bought a scroll of fog for 22 gold pieces
  9170 | D:6      | Found an iron altar of Okawaru.
  9212 | D:6      | Reached XP level 8. HP: 21/39 MP: 9/9
  9795 | D:6      | Found Fyakol's Weapon Shop.
  9880 | D:6      | Reached skill level 7 in Unarmed Combat
  9886 | D:6      | Reached skill level 7 in Fighting
  9935 | D:6      | Reached ** piety under Trog
  9960 | D:6      | Reached skill level 8 in Dodging
 10026 | D:6      | Found Touth's Book Shoppe.
 10218 | D:6      | Killed George's ghost
 10444 | D:4      | Killed Blork the orc
 10444 | D:4      | Reached skill level 8 in Unarmed Combat
 11167 | D:7      | Reached XP level 9. HP: 43/43 MP: 10/10
 11503 | D:7      | Noticed Joseph
 11614 | D:7      | Reached skill level 9 in Dodging
 12279 | D:8      | Reached skill level 8 in Fighting
 12279 | D:8      | Reached skill level 9 in Unarmed Combat
 12834 | D:8      | Reached *** piety under Trog
 13768 | D:9      | Noticed a komodo dragon
 14112 | D:9      | Reached skill level 10 in Dodging
 14112 | D:9      | Reached skill level 10 in Unarmed Combat
 14231 | D:9      | Killed a komodo dragon
 14333 | D:9      | Reached XP level 10. HP: 49/49 MP: 11/11
 14432 | D:9      | Noticed kak's ghost (novice MiBe)
 14434 | D:9      | Reached **** piety under Trog
 14448 | D:9      | HP: 8/49 [kak's ghost (14)]
 14473 | D:9      | HP: 12/49 [black bear (5)]
 14718 | D:9      | Killed kak's ghost
 14718 | D:9      | Reached skill level 9 in Fighting
 14902 | D:9      | HP: 13/49 [troll (9)]
 15338 | D:9      | Found a staircase to the Lair.
 15378 | D:9      | Reached skill level 11 in Unarmed Combat
 15419 | D:9      | Reached skill level 11 in Dodging
 15547 | Lair:1   | Entered Level 1 of the Lair of Beasts
 15603 | Lair:1   | Noticed a black mamba
 15612 | Lair:1   | HP: 13/49 [black mamba (6)]
 15882 | Lair:1   | Noticed a four-headed hydra
 15893 | Lair:1   | Noticed a seven-headed hydra
 15914 | Lair:1   | HP: 21/73 [seven-headed hydra (4)]
 15915 | Lair:1   | Killed a seven-headed hydra
 16098 | Lair:1   | Killed a four-headed hydra
 16141 | Lair:1   | Reached XP level 11. HP: 45/54 MP: 12/12
 16229 | Lair:1   | Reached skill level 12 in Unarmed Combat
 16229 | Lair:1   | HP: 14/54 [something (4)]
 16252 | Lair:1   | Found a dark tunnel.
 16263 | Lair:1   | HP: 16/54 [fire bat (5)]
 16279 | Lair:1   | HP: 15/54 [fire bat (4)]
 16299 | Volcano  | Entered a volcano
 16330 | Volcano  | Killed 4thArraOfDagon's ghost
 16538 | Volcano  | Reached skill level 10 in Fighting
 16571 | Volcano  | HP: 10/54 [hog (12)]
 16575 | Volcano  | Slain by a hog
 16576 | Volcano  | Reached XP level 10. HP: -1/51 MP: 11/11
 16621 | Volcano  | HP: 8/51 [something (13)]
 16622 | Volcano  | Engulfed by a cloud of flame
 16623 | Volcano  | Reached XP level 9. HP: -5/46 MP: 10/10
 17035 | Volcano  | HP: 11/46 [something (7)]
 17338 | Lair:1   | Killed a black mamba
 17338 | Lair:1   | Reached skill level 12 in Dodging
 17427 | Lair:1   | HP: 1/46 [porcupine's spines (14)]
 17762 | Lair:1   | HP: 18/69 [crocodile (16)]
 17975 | Lair:1   | Noticed a komodo dragon
 17983 | Lair:1   | Killed a komodo dragon
 18690 | Lair:1   | Noticed a spiny frog
 18696 | Lair:1   | Killed a spiny frog
 18696 | Lair:1   | Reached XP level 10. HP: 51/51 MP: 11/11
 19003 | Lair:2   | Noticed a six-headed hydra
 19016 | Lair:2   | Killed a six-headed hydra
 19163 | Lair:2   | Noticed a black mamba
 19170 | Lair:2   | Killed a black mamba
 19180 | Lair:2   | Reached skill level 13 in Unarmed Combat
 19428 | Lair:2   | Reached ***** piety under Trog
 20709 | Lair:2   | Noticed a black mamba
 20716 | Lair:2   | Killed a black mamba
 20716 | Lair:2   | Reached XP level 11. HP: 55/55 MP: 12/12
 20872 | Lair:2   | Noticed a queen ant
 21109 | Lair:2   | Killed a queen ant
 21154 | Lair:2   | Reached skill level 13 in Dodging
 21554 | Lair:2   | Reached skill level 11 in Fighting
 21719 | Lair:3   | Noticed Nergalle
 21728 | Lair:3   | Reached skill level 14 in Unarmed Combat
 21924 | Lair:3   | Killed Nergalle
 22031 | Lair:3   | Found a staircase to the Shoals.
 22071 | Lair:3   | Noticed a seven-headed hydra
 22078 | Lair:3   | HP: 18/82 [seven-headed hydra (8)]
 22080 | Lair:3   | HP: 4/82 [seven-headed hydra (14)]
 22080 | Lair:3   | HP: 1/82 [seven-headed hydra (3)]
 23157 | Lair:3   | Killed a seven-headed hydra
 23425 | Lair:3   | Gained mutation: Your thick and shaggy fur keeps you warm (AC +3, rC+). [Felid growth]
 23425 | Lair:3   | Reached XP level 12. HP: 60/60 MP: 13/13
 23494 | Lair:3   | Found a hole to the Spider Nest.
 23858 | Lair:4   | HP: 18/60 [poisoned by a water moccasin]
 23864 | Lair:4   | HP: 17/60 [poisoned by a water moccasin]
 23872 | Lair:4   | HP: 16/60 [poisoned by a water moccasin]
 23880 | Lair:4   | HP: 16/60 [poisoned by a water moccasin]
 24175 | Lair:4   | Reached skill level 14 in Dodging
 24798 | Lair:4   | Reached skill level 15 in Unarmed Combat
 24915 | Lair:4   | Reached skill level 2 in Stealth
 25023 | Lair:5   | Noticed a seven-headed hydra
 25027 | Lair:5   | Killed a seven-headed hydra
 25164 | Lair:5   | Noticed nublet's ghost (journeyman DsMo)
 25185 | Lair:5   | Killed nublet's ghost
 25185 | Lair:5   | Reached skill level 3 in Stealth
 25497 | Lair:5   | Noticed a five-headed hydra
 25498 | Lair:5   | Noticed a six-headed hydra
 25842 | Lair:5   | Killed a six-headed hydra
 25842 | Lair:5   | Reached skill level 12 in Fighting
 25842 | Lair:5   | Reached skill level 4 in Stealth
 25937 | Lair:5   | Noticed an eight-headed hydra
 25948 | Lair:5   | Killed an eight-headed hydra
 26429 | Lair:5   | Noticed Maud
 26448 | Lair:5   | Killed Maud
 26448 | Lair:5   | Reached skill level 5 in Stealth
 27144 | Lair:6   | Reached XP level 13. HP: 64/64 MP: 14/14
 27425 | Lair:6   | Reached ****** piety under Trog
 27742 | Lair:6   | Reached skill level 15 in Dodging
 27742 | Lair:6   | Reached skill level 6 in Stealth
 28662 | Lair:7   | Found a staircase to the Slime Pits.
 28702 | Lair:7   | HP: 6/65 [large slime creature (42)]
 29381 | Lair:6   | Reached skill level 7 in Stealth
 30527 | Lair:7   | Noticed Nessos
 30635 | Lair:7   | HP: 11/65 [Nessos/poisoned arrow (15)]
 30637 | Lair:7   | Shot with a poisoned arrow by Nessos
 30638 | Lair:7   | Reached XP level 12. HP: -20/61 MP: 13/13
 30710 | Lair:7   | Noticed Rupert
 30720 | Lair:7   | Paralysed by Rupert for 4 turns
 30723 | Lair:7   | HP: 12/61 [Rupert/great sword of holy wrath (19)]
 30725 | Lair:7   | Killed Rupert
 30725 | Lair:7   | Reached skill level 8 in Stealth
 31282 | Lair:8   | Entered Level 8 of the Lair of Beasts
 31346 | Lair:8   | Noticed a five-headed hydra
 31375 | Lair:8   | HP: 18/61 [fire drake/blast of flame (25)]
 31382 | Lair:8   | Reached skill level 13 in Fighting
 31521 | Lair:8   | HP: 9/63 [electric eel/bolt of electricity (11)]
 31965 | Lair:8   | Killed a five-headed hydra
 31965 | Lair:8   | Reached XP level 13. HP: 57/66 MP: 14/14
 32361 | Lair:8   | Reached skill level 16 in Unarmed Combat
 32878 | Lair:7   | Reached skill level 9 in Stealth
 32965 | Lair:8   | Found a runed door.
 33616 | Lair:8   | Reached skill level 16 in Dodging
 34259 | D:6      | Bought a scroll of acquirement for 572 gold pieces
 34259 | D:6      | Bought 3 scrolls of identify for 66 gold pieces
 34537 | D:7      | Killed Joseph
 34699 | D:10     | Entered Level 10 of the Dungeon
 35671 | D:10     | Found a staircase to the Orcish Mines.
 35962 | D:10     | Reached skill level 10 in Stealth
 37681 | Orc:1    | Entered Level 1 of the Orcish Mines
 38825 | Orc:1    | Found a roughly hewn altar of Beogh.
 39085 | Orc:2    | Entered Level 2 of the Orcish Mines
 39151 | Orc:2    | Found a staircase to the Elven Halls.
 39170 | Orc:2    | Found a frozen archway.
 39183 | IceCv    | Entered an ice cave
 39692 | IceCv    | Reached XP level 14. HP: 44/71 MP: 15/15
 40086 | IceCv    | Noticed a frost giant
 40234 | IceCv    | Killed a frost giant
 40234 | IceCv    | Reached skill level 17 in Unarmed Combat
 40446 | IceCv    | Identified the Grimoire of Creative Sinister Rites
 40782 | Orc:2    | Upgraded the game from 0.18-a0-921-g28655ce to 0.18-a0-943-g2c08dd4
 41432 | Orc:2    | Found Wokkaykeu's Jewellery Shop.
 41432 | Orc:2    | Found Ysileclogg's Gadget Emporium.
 41432 | Orc:2    | Found Coatio's Jewellery Shoppe.
 41432 | Orc:2    | Found Tarisur's Armour Shop.
 41551 | Orc:2    | Reached skill level 17 in Dodging
 42102 | Orc:2    | Reached skill level 14 in Fighting
 42273 | Orc:2    | Bought the amulet of Birob {rPois rF+ Regen+ Str+3} for 817 gold pieces
 42276 | Orc:2    | Bought the amulet of the Four Winds {rN+ MR+++ Clar} for 478 gold pieces
 43578 | Orc:2    | Bought a wand of hasting (4/9) for 720 gold pieces
 44314 | D:12     | Noticed Psyche
 44332 | D:12     | Killed Psyche
 45180 | D:12     | Found a shattered altar of Ashenzari.
 45621 | D:13     | HP: 21/72 [centaur warrior (14)]
 45777 | D:13     | Reached skill level 2 in Evocations
 46227 | D:13     | Reached XP level 15. HP: 72/76 MP: 17/17
 46543 | D:13     | HP: 13/76 [five-headed hydra (16)]
 46778 | D:14     | Reached skill level 18 in Unarmed Combat
 46815 | D:14     | Reached skill level 3 in Evocations
 47084 | D:14     | Found a gate to the Vaults.
 47179 | D:14     | Noticed Chiseanne's ghost (journeyman SpAs)
 47214 | D:14     | Killed Chiseanne's ghost
 47337 | D:14     | Found a sparkling altar of Nemelex Xobeh.
 47836 | D:14     | Reached skill level 4 in Evocations
 48642 | D:15     | Entered Level 15 of the Dungeon
 48736 | D:15     | Reached skill level 18 in Dodging
 48957 | D:15     | Found Fitus's Assorted Antiques.
 48979 | D:15     | Bought a blackened bronze ring for 175 gold pieces
 49072 | D:15     | HP: 22/76 [hill giant/giant spiked club (34)]
 49282 | D:15     | Found a staircase to the Depths.
 49311 | D:15     | Reached skill level 5 in Evocations
 49506 | D:15     | HP: 22/76 [barbs]
 50029 | Spider:1 | Entered Level 1 of the Spider Nest
 51066 | Spider:1 | Noticed Agnes
 51081 | Spider:1 | Killed Agnes
 51094 | Spider:1 | HP: 18/76 [redback (13)]
 52346 | Spider:2 | Reached skill level 6 in Evocations
 52673 | Spider:2 | Reached XP level 16. HP: 57/80 MP: 21/21
 52837 | Spider:1 | HP: 7/80 [wolf spider (22)]
 52843 | Spider:1 | Reached skill level 15 in Fighting
 53402 | Spider:2 | Reached skill level 19 in Unarmed Combat
 53438 | Spider:2 | HP: 22/81 [poisoned by a redback]
 53764 | Spider:2 | HP: 19/81 [entropy weaver (14)]
 53771 | Spider:2 | HP: 19/81 [entropy weaver (17)]
 53771 | Spider:2 | HP: 7/81 [entropy weaver (12)]
 54250 | Spider:2 | HP: 22/81 [jumping spider (8)]
 54250 | Spider:2 | HP: 7/81 [jumping spider (15)]
 56153 | Spider:3 | Reached skill level 7 in Evocations
 57555 | Shoals:1 | Entered Level 1 of the Shoals
 59415 | Shoals:2 | Reached skill level 19 in Dodging
 60566 | Lair:3   | Reached skill level 8 in Evocations
 60820 | Orc:2    | Bought the amulet of Toeckuss {rCorr +Inv MR++ Str+4 Dex-4} for 678 gold pieces
 61291 | Spider:4 | Entered Level 4 of the Spider Nest
 62897 | Spider:4 | HP: 17/82 [disintegration (25)]
 63241 | Spider:4 | Reached XP level 17. HP: 55/86 MP: 24/24
 63282 | Spider:4 | HP: 21/86 [hornet (14)]
 63964 | Spider:4 | Reached skill level 9 in Evocations
 64273 | Spider:4 | Reached skill level 16 in Fighting
 64984 | Spider:4 | Got a gossamer rune of Zot
 66386 | Shoals:3 | HP: 20/86 [harpy (7)]
 66391 | Shoals:3 | HP: 12/86 [harpy (9)]
 66392 | Shoals:3 | HP: 2/86 [harpy (5)]
 66400 | Shoals:3 | Slain by a harpy
 66401 | Shoals:3 | Reached XP level 16. HP: -4/82 MP: 24/24
 66485 | Shoals:4 | Entered Level 4 of the Shoals
 66515 | Shoals:4 | Noticed Polyphemus
 66529 | Shoals:4 | HP: 12/82 [death yak[Polyphemus] (16)]
 66532 | Shoals:4 | Killed from afar by a merfolk aquamancer

Vault maps used:
D:1:      shiori_shiawase
D:2:      nicolae_overflow_crystal_walls, minivault_23
D:3:      grunt_pakellas_basics, dk_vineyard_3, st_stairs_5
D:4:      temple_green, nicolae_ru_sacrificial_ziggurat, uniq_blork_the_orc
D:5:      grunt_temple_overflow_opulence, slow_altar_2, tgw_xom, first_bread,
          nemelex_xobeh_ov_fountains_minmay
D:6:      kennysheep_mini, serial_shops, nicolae_shop_behind_doors, shop,
          kennysheep_little_box, nicolae_shop_temple_entry_statues_fountains
D:7:      uniq_joseph
D:9:      erik_lair_dragon, kennysheep_generic_room_3
D:10:     erik_orc_2, special_room, blue_anna_alchemist
D:12:     basic_altar, uniq_psyche
D:14:     erik_vaults_2, basic_altar
D:15:     grunt_enter_depths_snipers, minmay_misc_feat_five, serial_shops,
          nicolae_shop_overgrown_old_shop
Temple:   circular_temple_12
Lair:1:   nicolae_volcano_entry_batcave, serial_bayou_shore_a
Lair:2:   lemuel_ratsnest, zaba_antful_of_joy
Lair:3:   elwin_shoals_entry_rooms, spider_nest_entry_funnel_web,
          roderic_lost_polar_bear, grunt_megastairs_3, lemuel_fruit_fields,
          uniq_nergalle
Lair:4:   fungi_pond_lemuel, lemuel_fruit_tree
Lair:5:   lemuel_fruit_fields, lemuel_fruit_fields, uniq_maud
Lair:6:   minmay_hedge_maze, grunt_megastairs_4, lemuel_fruit_fields
Lair:7:   minmay_slime_entry_pillars, beast_lair_carwin_5, lemuel_fruit_fields,
          uniq_nessos, uniq_rupert
Lair:8:   wormcave, minivault_27, wad_woods_river_01
Shoals:4: shoals_end_grunt_ice, shoals_ilsuiw_alternative, uniq_polyphemus
Spider:1: spider_trap, uniq_agnes
Spider:2: hive_lemuel
Spider:4: guppyfry_spider_rune
Orc:1:    minmay_orc_temple_c
Orc:2:    st_orc_ogre_mass, portal_ice_cave_entry_pillars_02,
          guppyfry_library_mini
IceCv:    ice_cave_caverns_03
Volcano:  volcano_village

Action                   |  1- 3 |  4- 6 |  7- 9 | 10-12 | 13-15 | 16-18 || total
-------------------------+-------+-------+-------+-------+-------+-------++-------
Melee: Unarmed           |   128 |   318 |   474 |   865 |  2027 |   844 ||  4656
Invok: Berserk           |       |       |    18 |    28 |     8 |     6 ||    60
       Burn Spellbooks   |       |       |       |     4 |     3 |     6 ||    13
       Brothers in Arms  |       |       |       |     7 |    18 |    15 ||    40
       Trog's Hand       |       |       |       |       |     1 |     1 ||     2
 Abil: Evoke Flight      |       |       |       |       |     4 |    21 ||    25
       Evoke Invisibilit |       |       |       |       |       |     3 ||     3
Evoke: Wand              |       |       |       |     6 |     1 |    11 ||    18
  Use: Scroll            |     4 |     4 |    11 |     7 |    17 |     4 ||    47
       Potion            |       |     4 |       |     5 |     3 |     9 ||    21
 Stab: Sleeping          |     6 |     9 |     5 |    26 |    60 |    24 ||   130
       Distracted        |     1 |       |     1 |     6 |    35 |    11 ||    54
       Confused          |       |       |       |       |       |     2 ||     2
       Invisible         |       |       |       |       |       |     1 ||     1
  Eat: Chunk             |    11 |    14 |    48 |    54 |    63 |    40 ||   230
       Meat ration       |       |       |       |       |       |     1 ||     1

Table legend:
 A = Turns spent in this place as a percentage of turns spent in the entire game.
 B = Non-inter-level travel turns spent in this place as a percentage of non-inter-level travel turns spent in the entire game.
 C = Inter-level travel turns spent in this place as a percentage of turns spent in this place.
 D = Turns resting spent in this place as a percentage of non-inter-level travel turns spent in this place.
 E = Turns spent auto-exploring this place as a percentage of non-inter-level travel turns spent in this place.
 F = Non-inter-level travel turns spent in this place divided by the number of levels of this place that you've seen.
                   A       B       C       D       E      F
               +-------+-------+-------+-------+-------+----------------------
         Total | 100.0 | 100.0 |   0.3 |   4.9 |   2.4 | 682.0
       Dungeon |  35.9 |  35.8 |   0.5 |   3.8 |   3.6 | 586.7
        Temple |   0.2 |   0.2 |   0.0 |   0.0 |  19.1 |  47.0
          Lair |  27.1 |  27.1 |   0.4 |   4.9 |   2.6 | 830.2
        Shoals |   8.3 |   8.3 |   0.2 |   4.5 |   0.7 | 508.0
   Spider Nest |  13.7 |  13.7 |   0.2 |   6.3 |   1.6 | 843.5
  Orcish Mines |   9.1 |   9.2 |   0.2 |   6.2 |   0.5 | 1124.5
      Ice Cave |   2.8 |   2.9 |   0.0 |   4.6 |   0.3 | 701.0
       Volcano |   2.9 |   2.9 |   0.0 |  11.0 |   0.0 | 706.0
               +-------+-------+-------+-------+-------+----------------------

Vault maps used:
D:1:      shiori_shiawase
D:2:      nicolae_overflow_crystal_walls, minivault_23
D:3:      grunt_pakellas_basics, dk_vineyard_3, st_stairs_5
D:4:      temple_green, nicolae_ru_sacrificial_ziggurat, uniq_blork_the_orc
D:5:      grunt_temple_overflow_opulence, slow_altar_2, tgw_xom, first_bread,
          nemelex_xobeh_ov_fountains_minmay
D:6:      kennysheep_mini, serial_shops, nicolae_shop_behind_doors, shop,
          kennysheep_little_box, nicolae_shop_temple_entry_statues_fountains
D:7:      uniq_joseph
D:9:      erik_lair_dragon, kennysheep_generic_room_3
D:10:     erik_orc_2, special_room, blue_anna_alchemist
D:12:     basic_altar, uniq_psyche
D:14:     erik_vaults_2, basic_altar
D:15:     grunt_enter_depths_snipers, minmay_misc_feat_five, serial_shops,
          nicolae_shop_overgrown_old_shop
Temple:   circular_temple_12
Lair:1:   nicolae_volcano_entry_batcave, serial_bayou_shore_a
Lair:2:   lemuel_ratsnest, zaba_antful_of_joy
Lair:3:   elwin_shoals_entry_rooms, spider_nest_entry_funnel_web,
          roderic_lost_polar_bear, grunt_megastairs_3, lemuel_fruit_fields,
          uniq_nergalle
Lair:4:   fungi_pond_lemuel, lemuel_fruit_tree
Lair:5:   lemuel_fruit_fields, lemuel_fruit_fields, uniq_maud
Lair:6:   minmay_hedge_maze, grunt_megastairs_4, lemuel_fruit_fields
Lair:7:   minmay_slime_entry_pillars, beast_lair_carwin_5, lemuel_fruit_fields,
          uniq_nessos, uniq_rupert
Lair:8:   wormcave, minivault_27, wad_woods_river_01
Shoals:4: shoals_end_grunt_ice, shoals_ilsuiw_alternative, uniq_polyphemus
Spider:1: spider_trap, uniq_agnes
Spider:2: hive_lemuel
Spider:4: guppyfry_spider_rune
Orc:1:    minmay_orc_temple_c
Orc:2:    st_orc_ogre_mass, portal_ice_cave_entry_pillars_02,
          guppyfry_library_mini
IceCv:    ice_cave_caverns_03
Volcano:  volcano_village
